 Dungeon Crawl Stone Soup version 0.29.0-11-gd7f09526c8 (webtiles) character file.

Game seed: 15027803509199148152

64723 mortz the Eclecticist (level 15, -20/80 HPs)
             Began as a Djinni Conjurer on Sept 2, 2022.
             Was a High Priest of Hepliaklqana.
             Killed from afar by Jorgrun (51 damage)
             ... with an iron shot
             ... on level 12 of the Dungeon on Sept 3, 2022.
             The game lasted 03:02:08 (28385 turns).

mortz the Eclecticist (Djinni Conjurer)            Turns: 28385, Time: 03:02:09

Health: -20/80     AC: 11    Str:  6    XL:     15   Next: 55%
Gold:   1065       EV: 12    Int: 26    God:    Hepliaklqana [*****.] SH:  4 Dex: 19

rFire   + + .      SeeInvis .   a - +8 short sword (protect) {short}
rCold   x . .      Faith    .   E - +0 buckler
rNeg    . . .      Spirit   .   W - +0 troll leather armour
rPois   ∞          Reflect  .   U - +1 hat
rElec   .          Harm     .   (no cloak)
rCorr   .          Rampage  .   L - +1 pair of gloves
Will    +....                   (boots unavailable)
Stlth   +++.......              x - amulet of the acrobat
HPRegen 1.03/turn               i - +6 ring of dexterity
MPRegen 0.00/turn               B - +4 ring of protection

@: death channelling, grasped by roots, flying, constricted
A: reduced essence, sickness immunity, fire resistance 2, cold vulnerability 1,
float, innate caster, HP casting, extra vitality 1
a: Renounce Religion, Recall Ancestor, Ancestor Identity, Transference, Idealise


You were on level 12 of the Dungeon.
You worshipped Hepliaklqana.
Hepliaklqana was extremely pleased with you.
You visited 2 branches of the dungeon, and saw 17 of its levels.
You also visited: Volcano.

You collected 1205 gold pieces.
You spent 140 gold pieces at shops.


Innate Abilities, Weirdness & Mutations

Your life essence is reduced to manifest your ancestor. (-10% HP)
You are immune to sickness and miasma.
You are immune to poison.
Your flesh is very heat resistant. (rF++)
You are vulnerable to cold. (rC-)
You float through the air rather than walking.
You learn spells naturally, not from books.
Your magical power is your life essence.
You have superior vitality. (+4 MHP)


   Skills:
 + Level 2.0 Fighting
 * Level 4.3 Short Blades
 + Level 1.4 Maces & Flails
 + Level 2.9 Armour
 + Level 7.5 Dodging
 + Level 6.4 Stealth
 * Level 17.8 Spellcasting
 * Level 6.0 Invocations


You had 10 spell levels left.
You knew the following spells:

 Your Spells              Type           Power      Damage    Failure   Level
a - Magic Dart            Conj           100%       1d8       0%          1
b - Searing Ray           Conj           100%       2d8       0%          2
c - Iskenderun's Mystic   Conj/Tloc      86%        2d17      1%          4
d - Fulminant Prism       Conj/Hex       43%        3d20      1%          4
e - Dazzling Flash        Conj/Hex       100%       N/A       0%          3
f - Slow                  Hex            100%       N/A       0%          1
g - Static Discharge      Conj/Air       86%        3-14/arc  0%          2
h - Lesser Beckoning      Tloc           86%        N/A       0%          3
i - Corpse Rot            Necr/Pois/Air  86%        N/A       1%          4
j - Sticky Flame          Conj/Fire      86%        2d10      1%          4
k - Manifold Assault      Tloc           86%        N/A       1%          5
l - Death Channel         Necr           43%        N/A       1%          6
Your spell library was empty.

Inventory:

Hand Weapons
 a - a +8 short sword of protection (weapon) {short}
   (You took it off an orc on level 11 of the Dungeon)
 b - the +8 whip of the Coin {elec, rF+ rCorr Str+2 Int+3, mace}
   (You took it off a goblin on level 2 of the Dungeon)

   It occasionally discharges a powerful burst of electricity upon striking a
   foe.
   Str:       It affects your strength (+2).
   Int:       It affects your intelligence (+3).
   rF:        It protects you from fire.
   rCorr:     It protects you from acid and corrosion.
 q - a +4 vorpal spear {polearm}
   (You found it on level 3 of the Dungeon)
 s - a +1 scimitar of flaming {long}
   (You took it off an efreet in a volcano)
 A - a +1 rapier of freezing {short}
   (You took it off Eustachio on level 4 of the Dungeon)
 P - a +2 eveningstar of flaming {macerare}
   (You found it in a volcano)
 Y - a +3 falchion {long}
   (You took it off a wight on level 10 of the Dungeon)
Missiles
 z - 3 throwing nets {=f!fthrowing}
Armour
 c - a +4 plate armour of fire resistance
   (You found it on level 5 of the Lair of Beasts)
 k - a scarf of invisibility
   (You found it on level 5 of the Lair of Beasts)
 E - a +0 buckler (worn)
   (You found it on level 5 of the Lair of Beasts)
 F - +0 steam dragon scales
   (You found it on level 6 of the Dungeon)
 H - a +3 leather armour of fire resistance
   (You found it in a volcano)
 L - a +1 pair of gloves (worn)
   (You found it on level 5 of the Dungeon)
 U - a +1 hat (worn)
   (You took it off Gastronok on level 3 of the Lair of Beasts)
 W - a +0 troll leather armour (worn)
   (You found it on level 5 of the Lair of Beasts)
 X - a +1 plate armour of willpower
   (You took it off an orc warrior on level 11 of the Dungeon)
Jewellery
 i - a +6 ring of dexterity (left hand)
   (You found it on level 3 of the Dungeon)
 x - an amulet of the acrobat (around neck)
   (You found it on level 4 of the Dungeon)
 B - a +4 ring of protection (right hand)
   (You found it on level 3 of the Dungeon)
 I - a ring of protection from cold
   (You found it on level 5 of the Dungeon)
 O - an amulet of reflection
   (You found it on level 2 of the Lair of Beasts)
 R - a ring of willpower
   (You found it on level 10 of the Dungeon)
 V - a ring of positive energy
   (You found it on level 1 of the Lair of Beasts)
Wands
 j - a wand of iceblast (4)
   (You found it on level 2 of the Lair of Beasts)
 l - a wand of light (8)
   (You found it on level 4 of the Dungeon)
 p - a wand of polymorph (10)
   (You found it on level 2 of the Dungeon)
 M - a wand of flame (17)
   (You found it on level 3 of the Lair of Beasts)
 N - a wand of charming (19)
   (You took it off Ijyb on level 5 of the Dungeon)
 S - a wand of digging (7)
   (You found it on level 2 of the Lair of Beasts)
 T - a wand of mindburst (13)
   (You found it on level 7 of the Dungeon)
Scrolls
 g - 2 scrolls of silence {!r}
 h - a scroll of immolation {!r!r}
 o - 6 scrolls of teleportation {@r4}
 v - 5 scrolls of poison
 w - a scroll of fear
 G - a scroll of magic mapping {!r}
Potions
 d - 2 potions of mutation {!q}
 e - 3 potions of invisibility
 f - 3 potions of heal wounds {@q2}
 m - 2 potions of resistance
 n - 5 potions of curing {@q1}
 t - 2 potions of haste {@q3}
 u - 2 potions of might
 D - 4 potions of berserk rage {!q}
 J - 4 potions of cancellation
 K - 3 potions of brilliance {unknown}
 Q - 2 potions of ambrosia {unknown}
Miscellaneous
 r - a condenser vane
   (You found it on level 4 of the Lair of Beasts)
 y - a phantom mirror
   (You found it on level 5 of the Lair of Beasts)

Dungeon Overview and Level Annotations

Branches:
Dungeon (12/15) Zot: 26944  Temple (0/1) D:5            Lair (5/5) D:11 Zot: 18820
 Shoals (0/4) Lair:3        Snake (0/4) Lair:2        Slime (0/5) Lair:5
    Orc (0/2) D:11        Volcano (visited)

Altars:
Gozag
Hepliaklqana
Makhleb
Okawaru
Qazlal
Yredelemnul
Zin

Shops:
D:3 !   D:6 :   D:7 [   D:8 *

Annotations:
D:5 1 runed translucent door, exclusion: 2 doors, Crazy Yiuf
D:9 2 runed translucent doors
D:12 Jorgrun

#.########.......
#.....)....##....
....##<........#
. .
######......###..
#................
#.#####.###......
#.##.......
#####.......##
....[...@RD...#
####.#..........
.....#........
...#.###..g.....
..... #.....(..
#### #........
.........
#........


You could see the friendly glurtz the knight, Jorgrun and a six-headed hydra
(ally target).


Message History

Aiming: Sticky Flame (safe; 1% risk of failure)
Press: ? - help, Shift-Dir - straight line, f/p - boulder beetle
Aim: a boulder beetle (heavily wounded, slow, ally target, 100% to hit)
The sticky flame hits the boulder beetle but does no damage.
The boulder beetle is covered in liquid flames!
The boulder beetle burns!
Glurtz hits the boulder beetle with a +0 broad axe of flaming.
Glurtz burns the boulder beetle. 😕 HP[-3]
You take 3 damage, and now have 77/80 hp.
Casting: Sticky Flame (safe; 1% risk of failure)
Confirm with . or Enter, or press ? or * to list all spells.
Aiming: Searing Ray (safe; 0% risk of failure)
Press: ? - help, Shift-Dir - straight line, f/p - boulder beetle
Aim: a boulder beetle (severely wounded, not watching you, covered in liquid flames, slow, ally target, 100% to hit)
The searing ray hits the boulder beetle but does no damage.
Glurtz avoids your attack. (Press . to maintain the ray.)
The boulder beetle burns!
The boulder beetle bites you!
Glurtz hits the boulder beetle with a +0 broad axe of flaming.
Glurtz burns the boulder beetle. 😮 HP[-17]
You take 17 damage, and now have 60/80 hp.
MASSIVE DAMAGE!! (PAUSE)
The searing ray hits the boulder beetle but does no damage.
Glurtz avoids your attack.
The boulder beetle burns!
The boulder beetle completely misses you.
Glurtz hits the boulder beetle with a +0 broad axe of flaming.
Glurtz burns the boulder beetle.
The searing ray hits the boulder beetle but does no damage.
Glurtz avoids your attack.
The boulder beetle burns!
You kill the boulder beetle!
There is a stone staircase leading up here. 😕 HP[+1]
You fly upwards.
There is a stone staircase leading down here. 😕 HP[+3]
You regained 3 hp, and now have 64/80 hp.
You start resting. 😎 HP[+16]
Your hp is fully restored (80).
You fly downwards.
There is a stone staircase leading up here.
You swap places.
A troll comes into view.
The +8 whip of the Coin {elec, rF+ rCorr Str+2 Int+3, mace} stops crackling.
Your +8 short sword of protection {short} hums with potential!
a - a +8 short sword of protection (weapon)
{short} Jorgrun and a six-headed hydra come into view.
Jorgrun is wielding a +0 vorpal quarterstaff and wearing a +2 robe of willpower.
Jorgrun shouts!
Jorgrun gestures at you while chanting.
Roots burst forth from the earth!
The grasping roots grab you!
The grasping roots constrict you! 😕 HP[-9]
You take 9 damage, and now have 71/80 hp.
The roots grasp on you weakens, but your attempt to escape fails.
The grasping roots constrict you. The troll barely misses you. x2
The troll claws you but does no damage. 😕 HP[-3]
You take 3 damage, and now have 68/80 hp.
Casting: Searing Ray (safe; 0% risk of failure)
Confirm with . or Enter, or press ? or * to list all spells.
Aiming: Sticky Flame (safe; 1% risk of failure)
Press: ? - help, Shift-Dir - straight line, f - troll
Aim: a troll (ally target, 100% to hit)
The sticky flame hits the troll!
The troll is covered in liquid flames!
The troll burns!
Glurtz hits the troll with a +0 broad axe of flaming!
Glurtz burns the troll.
The troll bites you but does no damage. The troll misses you.
The troll claws you.
The grasping roots constrict you! 😮 HP[-17]
You take 17 damage, and now have 51/80 hp.
MASSIVE DAMAGE!! (PAUSE)
Casting: Sticky Flame (safe; 1% risk of failure)
Confirm with . or Enter, or press ? or * to list all spells.
You erupt in a blast of force!
The mystic blast hits the troll!!
You kill the troll!
Glurtz avoids your attack.
Jorgrun says, "May tha earth consume ye!"
The grasping roots constrict you!
* * * LOW HITPOINT WARNING * * *
😨 HP[-15]
You take 15 damage, and now have 36/80 hp.
Casting: Iskenderun's Mystic Blast (safe; 1% risk of failure)
Confirm with . or Enter, or press ? or * to list all spells.
Malign forces permeate your being, awaiting release.
* * * LOW HITPOINT WARNING * * *
Glurtz hits the six-headed hydra with a +0 broad axe of flaming!
Glurtz burns the six-headed hydra.
The six-headed hydra bites glurtz!
Glurtz blocks the six-headed hydra's attack.
The six-headed hydra bites glurtz.
The six-headed hydra barely misses glurtz.
Glurtz blocks the six-headed hydra's attack.
The six-headed hydra bites glurtz but does no damage.
Jorgrun gestures at you while chanting. The iron shot hits you!!!
Ouch! That really hurt!
You die...

Skill      XL: |  1  2  3  4  5  6  7  8  9 10 11 12 13 14 15 |
---------------+----------------------------------------------+-----
Spellcasting   | 4 5 6 7 9 11 12 14 15 17 | 17.8
Stealth        | 2 3 4 5 6 |  6.4
Armour         | 1 2 |  2.9
Dodging        | 3 4 5 6 7 |  7.5
Fighting       | 1 2 |  2.0
Invocations    | 1 3 5 6 |  6.0
Short Blades   | 1 2 3 4 |  4.3
Maces & Flails | 1 |  1.4

Action                   |  1- 3 |  4- 6 |  7- 9 | 10-12 | 13-15 || total
-------------------------+-------+-------+-------+-------+-------++-------
Melee: Dagger            |     2 |       |       |       |       ||     2
       Whip              |       |     1 |     1 |     4 |    17 ||    23
       Short sword       |       |       |       |     4 |    29 ||    33
 Cast: Magic Dart        |    48 |    47 |    82 |   193 |   207 ||   577
       Searing Ray       |    12 |    17 |    37 |   101 |    70 ||   237
       Iskenderun's Myst |       |     2 |     5 |    62 |   145 ||   214
       Static Discharge  |       |     1 |       |       |       ||     1
       Slow              |       |       |       |    10 |     7 ||    17
       Fulminant Prism   |       |       |       |     5 |    23 ||    28
       Corpse Rot        |       |       |       |     1 |     1 ||     2
       Manifold Assault  |       |       |       |       |    15 ||    15
       Sticky Flame      |       |       |       |       |    12 ||    12
       Death Channel     |       |       |       |       |     2 ||     2
Invok: Ancestor Identity |       |       |     1 |       |       ||     1
       Recall Ancestor   |       |       |       |     2 |       ||     2
       Ancestor Life: Kn |       |       |       |     1 |       ||     1
       Transference      |       |       |       |       |     1 ||     1
  Use: Scroll            |     6 |     8 |     6 |    13 |     6 ||    39
       Potion            |       |       |       |       |     2 ||     2
 Stab: Sleeping          |     1 |     1 |     1 |     3 |     1 ||     7
       Distracted        |       |       |       |       |     1 ||     1
Armor: Leather armour    |       |     5 |       |       |       ||     5
       Robe              |       |     4 |     7 |       |       ||    11
       Steam dragon scal |       |       |       |    21 |    20 ||    41
       Skin              |       |       |       |       |     8 ||     8
       Troll leather arm |       |       |       |       |     2 ||     2
Dodge: Dodged            |     5 |    14 |    17 |   123 |    97 ||   256

Levels and vault maps discovered:
D:1:      lightli_arrival_boilingwater, layout_loops_cross,
          hellmonk_ecumenical_altar_leap_of_faith
D:2:      layout_loops_corners, minmay_misc_feat_room
D:3:      layout_loops_ring, tgw_kikubaaqudgha, serial_shops,
          nicolae_shop_crystal
D:4:      layout_basic, mainiacjoe_overflow_six_doors_small,
          mainiacjoe_overflow_24_doors, mainiacjoe_overflow_catwalk,
          led_sif_pool, lemuel_another_geyser, uniq_eustachio
D:5:      layout_loops_ring, old_standard_altar,
          mainiacjoe_overflow_surrounded_room, temple_green,
          dk_rats_in_the_wall, uniq_ijyb, uniq_blork_the_orc,
          uniq_crazy_yiuf_cottage
D:6:      layout_layer_cave, mainiacjoe_overflow_boulevard,
          nicolae_shop_self_help, uniq_pikel, uniq_menkaure, uniq_grinder
D:7:      layout_basic, serial_shops, shop
D:8:      layout_cave_pools, nicolae_overflow_hidden_temple,
          nicolae_transmutations_shop
D:9:      layout_gridville, jmf_multi_god_temple2
D:10:     layout_basic, vehumet_statue, feat_on_display
D:11:     layout_rooms, minmay_lair_entry_grove, david_orc_5
D:12:     minmay_connected_triangles_in_corner, layout_rooms, uniq_snorg,
          uniq_jorgrun
Lair:1:   layout_long_grid, beast_lair_carwin_9, grunt_megastairs_1
Lair:2:   layout_gridlike, minmay_snake_entry_guardpost_small, enter_volcano_1,
          wad_woods_road_01
Lair:3:   layout_cave_pods, minmay_shoals_entry_centaurs, basic_altar,
          st_stairs_9, uniq_gastronok
Lair:4:   layout_misc_corridors, nicolae_quartered_pool_medium,
          grunt_megastairs_4
Lair:5:   grunt_lair_end_beastmaster, layout_layer_cave, slime_entry_1,
          gauntlet_entry_generic, grunt_megastairs_5, uniq_sonja

Notes
Turn   | Place    | Note
-------+----------+-------------------------------------------
     0 | D:1      | mortz the Djinni Conjurer began the quest for the Orb.
     0 | D:1      | mortz set off with the following spells memorised: Magic
                  | Dart, Searing Ray, Dazzling Flash, Fulminant Prism,
                  | Iskenderun's Mystic Blast.
     0 | D:1      | Reached XP level 1. HP: 15/15 MP: 0/0
     0 | D:1      | magus.rc [v1.9.6]
   167 | D:1      | Reached XP level 2. HP: 13/21 MP: 0/0
   341 | D:1      | Found a faded altar of an unknown god.
   822 | D:1      | Reached XP level 3. HP: 21/25 MP: 0/0
   822 | D:1      | Learned a level 1 spell: Slow
  1237 | D:2      | Reached skill level 4 in Spellcasting
  2018 | D:2      | Reached XP level 4. HP: 29/31 MP: 0/0
  2404 | D:2      | Identified the +8 whip of the Coin {elec, rF+ rCorr Str+2
                  | Int+3}
  2523 | D:3      | Noticed a scorpion
  2534 | D:3      | Killed a scorpion
  2535 | D:3      | Reached skill level 2 in Stealth
  2535 | D:3      | Reached XP level 5. HP: 30/35 MP: 0/0
  2535 | D:3      | Learned a level 2 spell: Static Discharge
  2793 | D:3      | Found Dynuw's Distillery.
  2801 | D:3      | Bought a potion of heal wounds for 70 gold pieces
  2900 | D:3      | You are sucked into a shaft and drop 2 floors!
  2900 | D:5      | Entered Level 5 of the Dungeon
  2925 | D:5      | Noticed a sky beast
  2940 | D:5      | Found a staircase to the Ecumenical Temple.
  2940 | D:5      | Noticed a yak
  2940 | D:5      | Noticed a yak
  2940 | D:5      | Noticed a yak
  2940 | D:5      | Noticed a yak
  2947 | D:5      | Noticed Blork the orc
  2953 | D:4      | HP: 8/35 [gnoll/+0 club[a gnoll bouda] (4)]
  3221 | D:4      | Noticed an ogre
  3559 | D:3      | Reached skill level 1 in Armour
  3584 | D:3      | Identified a +0 robe of the Archmagi
  3596 | D:3      | Reached skill level 5 in Spellcasting
  3596 | D:3      | Reached XP level 6. HP: 22/40 MP: 0/0
  3851 | D:3      | Noticed a human
  3854 | D:3      | Killed a human
  4208 | D:4      | Noticed Eustachio
  4212 | D:4      | Found a hazy altar of Hepliaklqana.
  4219 | D:4      | Became a worshipper of Hepliaklqana the Forgotten
  4487 | D:3      | Bought a potion of heal wounds for 70 gold pieces
  4588 | D:4      | Killed Eustachio
  4589 | D:4      | Reached XP level 7. HP: 34/45 MP: 0/0
  4589 | D:4      | Learned a level 3 spell: Lesser Beckoning
  4791 | D:4      | Found an opulent altar of Gozag.
  5002 | D:4      | Found a basalt altar of Yredelemnul.
  5014 | D:4      | Reached skill level 6 in Spellcasting
  5202 | D:5      | Noticed a water moccasin
  5208 | D:5      | Killed a water moccasin
  5318 | D:5      | Found an iron altar of Okawaru.
  5437 | D:5      | Killed Blork the orc
  5438 | D:5      | Reached XP level 8. HP: 30/51 MP: 0/0
  5518 | D:5      | Reached skill level 2 in Armour
  5791 | D:5      | Found a glowing silver altar of Zin.
  5808 | D:5      | Reached skill level 3 in Dodging
  5808 | D:5      | Reached skill level 7 in Spellcasting
  6196 | D:5      | Reached skill level 3 in Stealth
  6241 | D:5      | Noticed Ijyb
  6248 | D:5      | Killed Ijyb
  6419 | D:5      | Found a runed translucent door.
  6420 | D:5      | Noticed Crazy Yiuf
  6731 | D:6      | Found Jadeumic's Self-Improvement Boutique.
  6869 | D:6      | Noticed Pikel
  7016 | D:6      | Noticed Menkaure
  7234 | D:6      | Killed Menkaure
  7321 | D:6      | Noticed Grinder
  7429 | D:6      | Noticed a wyvern
  7433 | D:6      | Killed a wyvern
  7434 | D:6      | Reached XP level 9. HP: 52/56 MP: 0/0
  7434 | D:6      | Learned a level 4 spell: Corpse Rot
  7596 | D:6      | Reached * piety under Hepliaklqana
  7608 | D:6      | Reached skill level 1 in Fighting
  7608 | D:6      | Reached skill level 8 in Spellcasting
  7678 | D:6      | Found a burning altar of Makhleb.
  7932 | D:6      | Killed Pikel
  7933 | D:6      | Reached skill level 4 in Stealth
  8062 | D:6      | Reached skill level 9 in Spellcasting
  8581 | D:6      | Killed Grinder
  8701 | D:7      | Reached XP level 10. HP: 44/55 MP: 0/0
  9270 | D:7      | Reached ** piety under Hepliaklqana
  9271 | D:7      | Remembered your ancestor glurtz as a knight
  9424 | D:7      | Found Jesea's Armour Boutique.
  9827 | D:8      | Reached skill level 10 in Spellcasting
  9944 | D:8      | Found Itsalocigh's Changing Room.
 10303 | D:8      | Found a stormy altar of Qazlal.
 10431 | D:9      | Noticed a two-headed ogre
 10436 | D:9      | Killed a two-headed ogre
 10437 | D:9      | Reached skill level 4 in Dodging
 10500 | D:9      | Found a large runed translucent door.
 10501 | D:9      | Found a large runed translucent door.
 10537 | D:9      | Reached skill level 5 in Stealth
 10773 | D:9      | Reached *** piety under Hepliaklqana
 11219 | D:10     | Entered Level 10 of the Dungeon
 11566 | D:10     | Noticed a two-headed ogre
 11586 | D:10     | Killed a two-headed ogre
 11587 | D:10     | Reached skill level 11 in Spellcasting
 11587 | D:10     | Reached XP level 11. HP: 53/60 MP: 0/0
 11587 | D:10     | Learned a level 4 spell: Sticky Flame
 12125 | D:11     | Found a staircase to the Lair.
 12125 | D:11     | Noticed a two-headed ogre
 12403 | D:10     | magus.rc [v1.9.6]
 12410 | D:11     | Noticed a boulder beetle
 12896 | D:11     | Reached skill level 12 in Spellcasting
 13154 | D:11     | Killed a boulder beetle
 13382 | D:11     | Noticed a boulder beetle
 13556 | D:11     | Killed a boulder beetle
 13802 | D:11     | Killed a two-headed ogre
 14648 | D:11     | HP: 11/60 [centaur/arrow (9)]
 14649 | D:11     | Reached XP level 12. HP: 12/65 MP: 0/0
 15066 | D:11     | Reached skill level 13 in Spellcasting
 15250 | D:11     | Found a staircase to the Orcish Mines.
 15345 | D:11     | Noticed a seven-headed hydra
 15355 | D:11     | Killed a seven-headed hydra
 15669 | Lair:1   | Entered Level 1 of the Lair of Beasts
 15727 | Lair:1   | Reached **** piety under Hepliaklqana
 15795 | Lair:1   | HP: 14/65 [rime drake/flash freeze (26)]
 16200 | Lair:1   | Reached skill level 6 in Stealth
 16428 | Lair:1   | Reached skill level 1 in Invocations
 16727 | Lair:1   | Noticed a seven-headed hydra
 16737 | Lair:1   | Killed a seven-headed hydra
 16738 | Lair:1   | Reached skill level 5 in Dodging
 16943 | Lair:1   | Reached skill level 14 in Spellcasting
 17835 | Lair:2   | Reached skill level 1 in Short Blades
 17927 | Lair:2   | Reached XP level 13. HP: 53/70 MP: 0/0
 17927 | Lair:2   | Learned a level 5 spell: Manifold Assault
 18022 | Lair:2   | Found a dark tunnel.
 18032 | Volcano  | Entered a volcano
 18047 | Volcano  | Reached skill level 6 in Dodging
 18047 | Volcano  | Reached skill level 2 in Invocations
 19124 | Volcano  | P - a +2 eveningstar of flaming {macerare}
 19288 | Lair:2   | Found a staircase to the Snake Pit.
 19300 | Lair:2   | Reached skill level 2 in Short Blades
 19311 | Lair:2   | Reached skill level 1 in Maces & Flails
 19311 | Lair:2   | Reached skill level 15 in Spellcasting
 19641 | Lair:2   | Reached skill level 3 in Invocations
 20278 | Lair:2   | magus.rc [v1.9.6]
 20469 | Lair:3   | Noticed Gastronok
 20484 | Lair:3   | Killed Gastronok
 20599 | Lair:3   | Noticed a boulder beetle
 20695 | Lair:3   | HP: 2/70 [boulder beetle (46)]
 20715 | Lair:3   | Killed a boulder beetle
 21194 | Lair:3   | Found a staircase to the Shoals.
 21438 | Lair:3   | Noticed a four-headed hydra
 21445 | Lair:3   | Killed a four-headed hydra
 22021 | Lair:3   | Found a glowing silver altar of Zin.
 22176 | Lair:3   | Reached XP level 14. HP: 69/75 MP: 0/0
 22293 | Lair:3   | Reached skill level 4 in Invocations
 22435 | Lair:3   | Reached ***** piety under Hepliaklqana
 22926 | Lair:3   | magus.rc [v1.9.6]
 22935 | Lair:4   | Reached skill level 16 in Spellcasting
 23324 | Lair:4   | Reached skill level 2 in Fighting
 23324 | Lair:4   | Reached skill level 3 in Short Blades
 23354 | Lair:4   | HP: 17/76 [bullfrog (5)]
 23359 | Lair:4   | HP: 14/76 [bullfrog (3)]
 24047 | Lair:4   | Reached skill level 5 in Invocations
 24447 | Lair:5   | Entered Level 5 of the Lair of Beasts
 24453 | Lair:5   | Noticed Sonja
 24467 | Lair:5   | Killed Sonja
 24476 | Lair:5   | HP: 7/76 [spore (9)]
 24794 | Lair:5   | Reached skill level 7 in Dodging
 25373 | Lair:5   | Reached skill level 17 in Spellcasting
 26243 | Lair:5   | Reached XP level 15. HP: 48/80 MP: 0/0
 26243 | Lair:5   | Learned a level 6 spell: Death Channel
 26858 | Lair:5   | Found a staircase to the Slime Pits.
 26895 | Lair:5   | Reached skill level 4 in Short Blades
 27739 | Lair:5   | Reached skill level 6 in Invocations
 28219 | Lair:5   | magus.rc [v1.9.6]
 28380 | D:12     | Noticed Jorgrun
 28385 | D:12     | Killed from afar by Jorgrun

Vanquished Creatures
  A dire elephant (Lair:5)
  4 boulder beetles
  6 hydras
  7 death yaks
  3 two-headed ogres
  A deep troll shaman (Lair:5)
  Sonja (Lair:5)
  Pikel (D:6)
  A lindwurm (Volcano)
  An oklob plant (Lair:1)
  10 elephants
  4 molten gargoyles (Volcano)
  3 black mambas
  A torpor snail (Lair:3)
  A gargoyle (D:11)
  2 rime drakes (Lair:1)
  8 cane toads
  2 efreet (Volcano)
  9 komodo dragons
  2 polar bears
  11 blink frogs
  A hornet (Lair:2)
  A troll (D:12)
  Grinder (D:6)
  8 dream sheep
  Eustachio (D:4)
  5 wyverns
  26 yaks
  5 basilisks
  Menkaure (D:6)
  A steam dragon (D:6)
  2 nagas (Lair:2)
  17 water moccasins
  4 orc warriors
  2 ice beasts
  5 black bears
  5 centaurs
  3 sky beasts
  11 wolves
  An ogre (D:4)
  A lemure (D:6)
  A kobold brigand (D:8)
  A phantom (D:5)
  Blork the orc (D:5)
  7 bullfrogs
  A gnoll sergeant (D:10)
  2 scorpions
  7 wights
  8 killer bees
  2 howler monkeys
  An electric eel (Lair:4)
  2 jellies
  2 hounds (D:5)
  4 orc priests
  A gnoll bouda (D:5)
  6 orc wizards
  Ijyb (D:5)
  A statue (D:10)
  13 gnolls
  4 adders
  2 shadow imps
  2 white imps
  5 worms
  6 dart slugs
  39 orcs
  4 bats
  10 endoplasms
  3 giant cockroaches (D:3)
  7 hobgoblins
  2 quokkas
  8 ball pythons
  3 frilled lizards
  7 goblins
  9 kobolds
  5 rats
  A fire vortex (Volcano)
358 creatures vanquished.

Vanquished Creatures (collateral kills)
  Gastronok (Lair:3)
  A boulder beetle (Lair:5)
  A hydra (Lair:4)
  2 catoblepae (Lair:5)
  7 death yaks
  A lindwurm (Volcano)
  7 elephants (Lair:5)
  A black mamba (Lair:4)
  A molten gargoyle (Volcano)
  6 cane toads
  5 komodo dragons
  An efreet (Volcano)
  A troll (D:10)
  2 polar bears
  2 blink frogs (Lair:2)
  7 dream sheep
  3 wyverns
  8 yaks
  A fire elemental (Volcano)
  A naga (Lair:2)
  5 water moccasins
  7 orc warriors
  6 black bears
  5 wolves
  4 centaurs
  3 bullfrogs
  An earth elemental (Volcano)
  4 wights
  2 killer bees
  A howler monkey (D:9)
  2 orc priests
  A gnoll bouda (D:9)
  An iguana (D:11)
  3 gnolls (D:9)
  An adder (D:6)
  6 orcs
  2 kobolds (D:8)
  3 fire vortices (Volcano)
116 creatures vanquished.

Vanquished Creatures (others)
  A human (D:3)
  15 knights
  An ancestor (D:6)
  A gnoll (D:9)
  2 fire vortices (Volcano)
  28 fulminant prisms
  40 fungi
  87 plants
175 creatures vanquished.

Grand Total: 649 creatures vanquished

Table legend:
 A = Non-vault XP
 B = Vault XP
 C = Vault XP percentage of total XP
 D = Non-vault monster count
 E = Vault monster count
 F = Vault count percentage of total count
                 A         B        C        D         E       F
            +---------+---------+-------+---------+---------+-------
      Total |   65501 |   26961 |  29.2 |     377 |      93 |  19.8
            +---------+---------+-------+---------+---------+-------
        D:1 |      40 |       0 |   0.0 |      20 |       0 |   0.0
        D:2 |      35 |       0 |   0.0 |      17 |       0 |   0.0
        D:3 |     222 |       0 |   0.0 |      24 |       0 |   0.0
        D:4 |     232 |     211 |  47.6 |      20 |       1 |   4.8
        D:5 |     818 |     129 |  13.6 |      23 |       2 |   8.0
        D:6 |    1075 |    1070 |  49.9 |      12 |       3 |  20.0
        D:7 |     718 |       0 |   0.0 |      13 |       0 |   0.0
        D:8 |     374 |       0 |   0.0 |      12 |       0 |   0.0
        D:9 |    1662 |       0 |   0.0 |      22 |       0 |   0.0
       D:10 |    2295 |     308 |  11.8 |      21 |       3 |  12.5
       D:11 |    4654 |    3190 |  40.7 |      23 |      32 |  58.2
       D:12 |    1153 |       0 |   0.0 |       2 |       0 |   0.0
     Lair:1 |    5751 |    1772 |  23.6 |      25 |       6 |  19.4
     Lair:2 |    5928 |     489 |   7.6 |      25 |       3 |  10.7
     Lair:3 |   10487 |    2628 |  20.0 |      38 |       7 |  15.6
     Lair:4 |   10404 |     645 |   5.8 |      29 |       3 |   9.4
     Lair:5 |   19653 |   11758 |  37.4 |      51 |      21 |  29.2
    Volcano |       0 |    4761 | 100.0 |       0 |      12 | 100.0
            +---------+---------+-------+---------+---------+-------

Illustrated notes

Table legend:
 A = Kills in this place as a percentage of kills in entire the game.
 B = Kills by you in this place as a percentage of kills by you in the entire game.
 C = Kills by friends in this place as a percentage of kills by friends in the entire game.
 D = Other kills in this place as a percentage of other kills in the entire game.
 E = Experience gained in this place as a percentage of experience gained in the entire game.
 F = Experience gained in this place divided by the number of levels of this place that you have seen.
                   A       B       C       D       E      F
               +-------+-------+-------+-------+-------+----------------------
         Total | 100.0 | 100.0 | 100.0 | 100.0 | 100.0 | 5136.8
       Dungeon |  53.2 |  59.8 |  31.9 | 100.0 |  19.7 | 1515.5
          Lair |  44.3 |  38.2 |  63.7 |   0.0 |  75.2 | 13903.0
       Volcano |   2.6 |   2.0 |   4.4 |   0.0 |   5.1 | 4761.0
               +-------+-------+-------+-------+-------+----------------------

Table legend: (Time is in decaauts)
 A = Elapsed time spent in this place.
 B = Non-inter-level travel time spent in this place.
 C = Inter-level travel time spent in this place.
 D = Time resting spent in this place.
 E = Time spent auto-exploring this place.
 F = Levels seen in this place.
 G = Mean time per level.
                   A        B        C        D        E       F      G
               +--------+--------+--------+--------+--------+-----+--------+
         Total |  28404 |  27326 |   1078 |   6577 |  16527 |  18 | 1578.0 |
       Dungeon |  16007 |  15236 |    771 |   2574 |  10429 |  12 | 1333.9 |
          Lair |  11179 |  10872 |    307 |   3058 |   6098 |   5 | 2235.8 |
       Volcano |   1217 |   1217 |      0 |    945 |      0 |   1 | 1217.0 |
               +--------+--------+--------+--------+--------+-----+--------+

Top non-repeatable levels by time:
    D:10: 2984 daAuts
  Lair:3: 2868 daAuts
  Lair:4: 2809 daAuts
  Lair:5: 2235 daAuts
     D:6: 1854 daAuts
     D:5: 1814 daAuts
    D:11: 1771 daAuts
  Lair:1: 1761 daAuts
  Lair:2: 1505 daAuts
     D:3: 1449 daAuts
     D:2: 1268 daAuts
 Volcano: 1217 daAuts
     D:4: 1209 daAuts
     D:1: 1199 daAuts
     D:7: 924 daAuts
